AoeStats
← Shredded_Pork

Black Forest

506676829Analyzed
4v4 RM · 17d ago on Sep 14, 2026· 53m 20s· 8 players
Game mode
Random Map
Map size
Large (8 player)
Population
200
Speed
Normal
Resources
Standard
Victory
Conquest
Starting age
Dark Age
Ending age
Imperial Age
RankedLock teamsTeams togetherTeam positionsShared explorationLock speedFull tech treeHidden civsTurbo modeCheats
Victory
Defeat
🇨🇳 Goths · China
729
+13
🇫🇷 Franks · France
709
+14
🇨🇭 Byzantines · Switzerland
709
+14
🇨🇭 Aztecs · Switzerland
679
+15
🇹🇷 Celts · Türkiye
718
-15
🇮🇹 Bohemians · Italy
664
-14
🇨🇿 Persians · Czechia
653
-14
🇹🇷 Turks · Türkiye
634
-13
Fede_MvK
0:34 Loom
13:55 Feudal Age
14:24 Horse Collar
14:37 Double-Bit Axe
21:45 Castle Age
22:55 Bow Saw
24:55 Heavy Plow
28:51 Wheelbarrow
33:17 Chemistry
32:29 Fortified Wall
32:44 Scale Mail Armor
32:55 Forging
32:09 Pikeman
32:34 Arson
33:55 Hand Cart
33:26 Town Watch
33:47 Caravan
35:29 Iron Casting
35:10 Chain Mail Armor
39:08 Imperial Age
37:21 Squires
37:31 Padded Archer Armor
37:22 Fletching
Cobrojed
1:14 Loom
2:50 Loom
14:49 Feudal Age
15:09 Double-Bit Axe
15:05 Horse Collar
15:14 Town Watch
16:04 Wheelbarrow
15:25 Stone Mining
15:40 Gold Mining
22:07 Castle Age
22:59 Bow Saw
22:54 Heavy Plow
23:25 Hand Cart
23:50 Gold Shaft Mining
24:00 Stone Shaft Mining
29:36 Fletching
29:57 Forging
29:53 Scale Barding Armor
32:02 Kamandaran
35:41 Imperial Age
35:12 Ballistics
35:03 Masonry
34:49 Murder Holes
34:50 Crossbowman
35:36 Thumb Ring
34:51 Elite Skirmisher
34:57 Pikeman
35:38 Squires
36:05 Chain Barding Armor
35:42 Bodkin Arrow
36:23 Iron Casting
37:06 Two-Man Saw
36:56 Crop Rotation
37:38 Conscription
37:32 Citadels
38:33 Hoardings
38:08 Elite War Elephant
39:19 Guilds
40:56 Chemistry
41:31 Husbandry
42:15 Bloodlines
43:12 Plate Barding Armor
43:38 Blast Furnace
43:32 Light Cavalry
43:38 Halberdier
45:06 Scale Mail Armor
45:07 Padded Archer Armor
47:16 Leather Archer Armor
47:16 Chain Mail Armor
47:54 Architecture
The kantinci
4:46 Loom
19:37 Feudal Age
21:58 Double-Bit Axe
22:53 Horse Collar
23:51 Wheelbarrow
23:10 Gold Mining
23:11 Stone Mining
27:09 Castle Age
28:54 Padded Archer Armor
28:45 Fletching
28:58 Scale Mail Armor
29:09 Forging
29:07 Scale Barding Armor
35:45 Imperial Age
34:07 Caravan
34:40 Coinage
34:13 Treadmill Crane
35:51 Iron Casting
35:33 Chain Mail Armor
35:33 Leather Archer Armor
35:14 Bodkin Arrow
35:02 Pikeman
36:40 Bow Saw
38:40 Chemistry
38:19 Ballistics
38:35 Hand Cart
38:08 Town Watch
39:04 Banking
38:45 Guilds
38:51 Heavy Plow
42:20 Heavy Scorpion
45:15 Siege Engineers
45:40 Conscription
45:31 Furor Celtica
44:43 Elite Woad Raider
TSİNTSADZE
14:27 Feudal Age
15:03 Double-Bit Axe
15:01 Horse Collar
23:55 Castle Age
25:06 Bow Saw
25:00 Heavy Plow
27:44 Stone Mining
27:45 Gold Mining
28:12 Forging
33:00 Imperial Age
33:09 Imperial Age
33:14 Elite Janissary
35:31 Gold Shaft Mining
35:36 Iron Casting
34:52 Fletching
35:03 Padded Archer Armor
36:07 Wheelbarrow
37:41 Blast Furnace
40:06 Bodkin Arrow
40:27 Leather Archer Armor
40:23 Thumb Ring
madnessss86
0:49 Loom
17:24 Feudal Age
24:04 Castle Age
27:36 Double-Bit Axe
27:57 Horse Collar
32:13 Imperial Age
30:16 Bow Saw
31:35 Heavy Plow
31:32 Gold Mining
31:34 Stone Mining
32:34 Fortified Wall
34:15 Wheelbarrow
34:09 Scale Mail Armor
35:25 Caravan
36:13 Gold Shaft Mining
36:14 Stone Shaft Mining
36:30 Crop Rotation
37:03 Forging
37:09 Chain Mail Armor
37:58 Conscription
38:03 Garland Wars
39:02 Squires
38:48 Gambesons
38:50 Arson
38:26 Eagle Warrior
38:35 Elite Jaguar Warrior
43:39 Iron Casting
43:36 Plate Mail Armor
43:02 Elite Eagle Warrior
45:01 Chemistry
43:42 Treadmill Crane
43:54 Heated Shot
45:43 Blast Furnace
46:50 Padded Archer Armor
46:41 Fletching
Shredded_Pork
11:10 Feudal Age
11:44 Double-Bit Axe
11:42 Horse Collar
20:12 Castle Age
19:27 Gold Mining
19:29 Stone Mining
21:41 Bow Saw
21:33 Heavy Plow
22:40 Stone Shaft Mining
33:31 Imperial Age
31:39 Wheelbarrow
32:32 Ballistics
32:31 Forging
32:21 Scale Mail Armor
32:12 Fletching
32:53 Hand Cart
32:47 Anarchy
34:11 Iron Casting
33:48 Squires
34:20 Perfusion
34:42 Conscription
35:34 Chemistry
35:08 Crop Rotation
35:42 Two-Man Saw
35:02 Chain Mail Armor
34:42 Bodkin Arrow
34:40 Onager
36:51 Elite Huskarl
42:45 Pikeman
46:13 Halberdier
it_s_now
1:45 Loom
14:54 Feudal Age
18:44 Castle Age
17:31 Double-Bit Axe
19:53 Bow Saw
24:44 Wheelbarrow
30:51 Gold Mining
30:52 Town Watch
31:23 Hand Cart
31:42 Stone Mining
32:32 Gold Shaft Mining
34:47 Forging
34:43 Scale Barding Armor
34:38 Scale Mail Armor
37:15 Imperial Age
34:49 Town Patrol
36:03 Iron Casting
34:55 Pikeman
35:22 Arson
35:25 Gambesons
35:41 Squires
36:43 Caravan
37:14 Fortified Wall
37:15 Masonry
38:03 Husbandry
37:23 Cavalier
40:25 Blast Furnace
39:46 Chain Barding Armor
41:17 Paladin
44:24 Halberdier
46:33 Conscription
46:16 Chivalry
46:26 Scale Mail Armor
47:01 Plate Barding Armor
MuchJaguar3116
0:29 Loom
16:38 Feudal Age
17:39 Double-Bit Axe
17:56 Fishing Lines
20:01 Stone Mining
22:21 Castle Age
21:27 Wheelbarrow
22:26 Gold Mining
23:34 Gillnets
23:27 Horse Collar
24:00 Bow Saw
24:55 Fervor
28:54 Heavy Plow
30:06 Gold Shaft Mining
31:23 Stone Shaft Mining
35:42 Imperial Age
33:50 Wheelbarrow
33:11 Treadmill Crane
33:27 Murder Holes
34:00 Fortified Wall
34:11 Ballistics
35:53 Caravan
36:23 Scale Barding Armor
36:19 Scale Mail Armor
36:19 Padded Archer Armor
36:30 Forging
36:10 Fletching
37:11 Crop Rotation
37:43 Two-Man Saw
38:02 Hand Cart
38:23 Coinage
38:04 Guilds
38:13 Chain Mail Armor
38:19 Chain Barding Armor
39:23 Leather Archer Armor
39:42 Banking
40:31 Chemistry
40:12 Iron Casting
39:49 Greek Fire
40:21 Conscription
39:26 Pikeman
40:06 Squires
39:52 Gambesons
39:53 Arson
39:29 Man-at-Arms
42:42 Thumb Ring
41:58 Elite Skirmisher
42:01 Crossbowman
42:12 Halberdier
43:43 Plate Barding Armor
43:39 Plate Mail Armor
43:39 Ring Archer Armor
43:05 Bodkin Arrow
43:01 Arbalester
44:31 Husbandry
43:52 Cavalier
43:54 Light Cavalry
45:16 Hoardings
46:27 Logistica
49:40 Elite Cataphract
51:37 Greek Fire
51:06 Hussar
51:09 Paladin
51:10 Heavy Camel Rider
51:55 Bracer
Connection lost

Rejoining the realm…

Still unreachable

The connection could not be restored.

Session expired

The server has moved on; the page needs a fresh start.